[Event "44th Chess Olympiad Open 2022"]
[Site "Chennai"]
[Date "2022.08.08"]
[Round "10.1"]
[White "Vakhidov, Jakhongir"]
[Black "Adhiban, B..."]
[Result "1/2-1/2"]
[WhiteElo "2564"]
[BlackElo "2598"]
[Annotator "RC"]
[PlyCount "66"]
[EventDate "2022.??.??"]
[TimeControl "60"]

1. c4 e5 2. Nc3 Nf6 3. Nf3 e4 4. Ng5 c6 5. Ngxe4 Nxe4 6.
Nxe4 d5 7. cxd5 cxd5 8. Ng3 h5 9. e3 h4 10. Ne2 Nc6 11. d4 Qf6 12. Nc3 Qg6 13. f3 Bd6 14. Kf2 Bg3+ 15. Kg1 Bd6 16. Kf2 Bg3+ 17. Kg1 Bd6 18. Nb5 Bb8 19. Bd3 Qf6 20. Nc3 Be6 21. Kf2 O-O 22. f4 Re8 23. Qf3 Nxd4 24. exd4 Bg4 25. Re1 Qxd4+ 26. Be3 Qxd3 27. Qxg4 d4 28. Rad1 dxe3+ 29. Kg1 Qc4 30. Nd5 Qc6 31. Qg5 e2 32. Rc1 Qe6 33. Rc2 f6 1/2-1/2

[Event "44th Chess Olympiad Open 2022"]
[Site "Chennai"]
[Date "2022.08.08"]
[Round "10.2"]
[White "Mamedyarov, Shakhriyar"]
[Black "Sargissian, Gabriel"]
[Result "0-1"]
[WhiteElo "2759"]
[BlackElo "2698"]
[Annotator "TA"]
[PlyCount "134"]
[EventDate "2022.??.??"]
[TimeControl "60"]

1. d4 d5 2. c4 e6 3. Nf3 Nf6 4. Nc3 Be7 5. Bf4 O-O 6. e3 Nbd7 7. c5 {[%emt 0:00:
00] D37: Queen's Gambit Declined: 5 Bf4.} c6 8. b4 {[%emt 0:00:19] Recently 8.h3 got a lot of attention.} b6 9. h4 {[%emt 0:00:11] The position is equal.} a5 10. a3 {[%emt 0:00:09] [#]} Ba6 $5 $146 {[%emt 0:01:40] An interesting
novelty.} ({Predecessor:} 10... Ne4 11. Nxe4 dxe4 12. Ne5 Nxe5 13. Bxe5 Qd5 14.
Be2 b5 15. h5 Bb7 16. O-O axb4 17. axb4 Rxa1 18. Qxa1 {0-1 (42) Shankland,S 
(2709)-Nakamura,H (2750) Chess.com INT 2022}) 11. Bxa6 Rxa6 12. b5 cxb5 13. c6 Qc8 $36 {[%emt 0:01:04] Black has some pressure.} 14. c7 b4 15. Nb5 a4 16. Qc2 (16. Rc1 $1 $11 Ne8 17. axb4) 16... b3 $19 17.
Qe2 Ra8 18. Rc1 Qa6 19. Nd6 $2 {[%emt 0:10:40] Against Rfc8} (19. h5 $17) 19... b5 20. Nxb5 Rfc8 21. Nd2 Qb6 {[%emt 0:03:37] Strongly threatening ...Ra5.} 22. Nb1 Ra5 23. N5c3 ({Much worse is
} 23. N1c3 Ne4 24. O-O (24. Nxe4 $2 dxe4 25. d5 Rxb5 $19) 24... Nxc3 25. Nxc3
Bxa3) 23... Bd6 24. Bxd6 Qxd6 25. O-O Qxc7 26. Na2 Qb7 27. Rxc8+ Qxc8 28. Rc1 Qb7 29. Nb4 Ra8 30. f3 Rc8 {[%emt 0:00:00] Inhibits Rc6.} 31. Rc3 h5 32. Kf2 Rc7 (32... Ra8 $142 {...Qb8 is the strong threat.} 33. Rc6 Ne8) 33. Qa6 Qxa6 34. Nxa6 Rb7 35. Rc6 (35. Rc8+ $17 Kh7 36. Ke2) 35... Ne8 36. Ke2 Kf8 37. e4 (
37. Nc5 $142 Nxc5 38. dxc5) 37... Rb6 38. Rxb6 Nxb6 {[%emt 0:00:05] Endgame KNN-KNN} 39. e5 Ke7 40. Kd3 Kd8 41. Nc5 Nc7 42. Nc3 Nc4 43. g4 g6 ({Better is} 43... b2 $19 {[%cal Yc7b5]
White must now prevent ...Nb5!} 44. Kc2 Nxa3+ 45. Kxb2 Ncb5) 44. gxh5 (44. N5xa4 $17 {might work better.} Nxa3 45. Ne2) 44... gxh5 45. f4 Ke7 ({Not} 45... Nxa3 46.
N3xa4 Nc2 47. Nxb3 Ne1+ 48. Ke2 $17) 46. N3xa4 $2 (46. N5xa4 {
is a better chance.} Nxa3 47. Ne2) 46... b2 47. Kc2 Nb5 48. Nxb2 Nbxa3+ 49. Kb3 Nxb2 50. Kxb2 {[%emt 0:
00:00] KN-KN} Nc4+ 51. Kc3 Ne3 $1 52. f5 (52. Nb3 $142 Ng2 53. Nd2) 52... Nxf5 53. Nd3 Kf8 ({Weaker is} 53... Nxh4
54. Nf4 $17) (53... f6 $142 54. Nf4 fxe5 55. dxe5 Nxh4 56. Nxh5 Nf3) 54. Nf4 Ng3 $1 55. Kd3 $2 (55. Kd2
$15) 55... Kg7 $1 {[%emt 0:00:00] Black is clearly winning.} 56. Ke3 Kh6 {[%emt 0:00:00] And now ...Nf5+ would win.} 57. Kd3 Nf5 58. Ng2 {[%emt 0:00:00] [#]} Ne7 $1 59.
Ke3 {[%emt 0:00:00] [#]} Ng6 $1 60. Kf3 Kg7 61. Ke3 f6 62. exf6+ Kxf6 63. Kf2 e5 64. Ke3 Kf5 65. Ne1 e4 66. Ng2 Kg4 67. Kf2 Nf4 {[%emt 0:02:52] Weighted Error Value:
White=0.82/Black=0.21 (precise)} 0-1

[Event "44th Chess Olympiad Open 2022"]
[Site "Chennai"]
[Date "2022.08.08"]
[Round "10.2"]
[White "Durarbayli, Vasif"]
[Black "Petrosyan, Manuel"]
[Result "1/2-1/2"]
[WhiteElo "2638"]
[BlackElo "2610"]
[Annotator "RC"]
[PlyCount "105"]
[EventDate "2022.??.??"]
[TimeControl "60"]

1. e4 e5 2. Nf3 Nc6 3. Bc4 Bc5 4. O-O Nf6 5. d3 d6 6. c3 a5 7. Re1 Ba7 8. Nbd2 O-O 9. h3 Be6 10. Bb5 Ne7 11. d4 c6 12. Bd3 Ng6 13.
Nf1 h6 14. Be3 Re8 15. Ng3 Qc7 16. a4 Rad8 17. Qc2 Bb8 18. Rad1 Qc8 19. b3 Qc7 20. b4 axb4 21. cxb4 d5 22. exd5 Bxd5 23. Bxg6 Bxf3 24. gxf3 exd4 25. Bxh6 gxh6 26. Qc4 Nd5 27. Rxe8+ Rxe8 28. Bb1 Nc3 29. Rxd4 Ne2+ 30. Nxe2 Qh2+ 31. Kf1 Qxh3+ 32. Ke1 Qh1+ 33. Kd2 Qxb1 34. Rd7 Qb2+ 35. Kd1 Qf6 36. Qg4+ Kh8 37. Qd4 Be5 38. Qc4 Rd8 39. Rxd8+ Qxd8+ 40. Ke1 Qf6 41. f4 Bd6 42. Kf1 Kg8 43. b5 cxb5 44. Qxb5 Qe7 45. Qd5 b6 46. Qc6 Qc7 47. Qg2+ Kh8 48. Qe4 Kg8 49. Kg2 Qe7 50. Qa8+ Kh7 51. Qf3 Qf6 52. Qd5 Qe6 53. Qxe6 1/2-1/2

[Event "44th Chess Olympiad Open 2022"]
[Site "Chennai"]
[Date "2022.08.08"]
[Round "10.2"]
[White "Melkumyan, Hrant"]
[Black "Guseinov, Gadir"]
[Result "1/2-1/2"]
[WhiteElo "2634"]
[BlackElo "2668"]
[Annotator "RC"]
[PlyCount "90"]
[EventDate "2022.??.??"]
[TimeControl "60"]

1. c4 Nf6 2. Nc3 g6 3. d4 Bg7 4. e4 d6 5. Be2 O-O 6. Nf3 e5 7. O-O exd4 8. Nxd4 Re8 9. f3 c6 10. Kh1 d5 11. cxd5 cxd5 12. Bg5 Nc6 13.
Bb5 h6 14. Bxf6 Qxf6 15. exd5 Qxd4 16. Qxd4 Bxd4 17. dxc6 Rf8 18. Rfd1 Be5 19. Re1 Bf6 20. c7 Bxc3 21. bxc3 Be6 22. Rad1 Rac8 23. Bd7 Rxc7 24. Bxe6 fxe6 25. Rxe6 Kh7 26. h3 Rff7 27. Rd3 Rc5 28. Kh2 h5 29. Kg3 Rfc7 30. Ree3 Kh6 31. f4 Ra5 32. Rd6 Rxa2 33. Ree6 h4+ 34. Kh2 Rg7 35. f5 Rf2 36. Rxg6+ Rxg6 37. Rxg6+ Kh5 38. Rg7 Rxf5 39. Rxb7 a5 40. c4 Rf4 41. Rc7 a4 42. g4+ hxg3+ 43. Kxg3 Rd4 44. Kf3 a3 45. Ra7 Rxc4 1/2-1/2

[Event "44th Chess Olympiad Open 2022"]
[Site "Chennai"]
[Date "2022.08.08"]
[Round "10.2"]
[White "Hovhannisyan, Robert"]
[Black "Abasov, Nijat"]
[Result "1-0"]
[WhiteElo "2591"]
[BlackElo "2633"]
[Annotator "RC"]
[PlyCount "101"]
[EventDate "2022.??.??"]
[TimeControl "60"]

1. e4 e5 2. Nf3 Nc6 3. Bb5 a6 4. Ba4 Nf6 5. O-O b5 6. Bb3 Bc5 7. a4 Rb8 8. Nxe5 Nxe5 9. d4 Bxd4 10. Qxd4 d6 11. f4 Nc6 12. Qd3 O-O 13.
Nc3 Nb4 14. Qd2 Qe7 15. axb5 axb5 16. e5 dxe5 17. fxe5 Qxe5 18. Qf4 Qxf4 19. Bxf4 Na6 20. Ra5 b4 21. Nd5 Nxd5 22. Bxd5 Rb6 23. Rfa1 h6 24. b3 Rf6 25. Be5 Rf5 26. Be4 Rg5 27. h4 Rh5 28. Bf3 Rxh4 29. Rxa6 Bxa6 30. Rxa6 Re8 31. g3 Rxe5 32. gxh4 c5 33. h5 Kf8 34. Kf2 Ke7 35. Be2 Rg5 36. Ke3 g6 37. Kf4 Rf5+ 38. Ke4 Rg5 39. Rb6 Rg2 40. Bc4 Rg4+ 41. Kf3 Rg5 42. Rb7+ Kd6 43. Rxf7 Rxh5 44. Rf6+ Ke5 45. Rxg6 Kd4 46. Rg3 Rh2 47. Kf4 Rh4+ 48. Kf5 Rh5+ 49. Ke6 Rh2 50. Rd3+ Ke4 51. Kd6 1-0

[Event "44th Chess Olympiad Open 2022"]
[Site "Chennai"]
[Date "2022.08.08"]
[Round "10.3"]
[White "Caruana, Fabiano"]
[Black "Yilmaz, Mustafa"]
[Result "1-0"]
[WhiteElo "2783"]
[BlackElo "2634"]
[Annotator "TA"]
[PlyCount "55"]
[EventDate "2022.??.??"]
[TimeControl "60"]

1. e4 c5 2. Nf3 d6 3. d4 cxd4 4. Nxd4 Nf6 5. Nc3 a6 6. f3 e5 7. Nb3 Be6 8. Be3 Be7 9. Qd2 O-O 10. O-O-O Nbd7 11. g4 b5 12. g5 Nh5 {[%emt 0:00:07] is now more
promising than 12...b4.} 13. Kb1 {[%emt 0:00:40] B90: Sicilian Najdorf:
Unusual White 6th moves, 6 Be3 Ng4 and 6 Be3 e5.} Nb6 14. Qf2 Nc4 15. Bxc4 {[%emt 0:01:12] The position is
equal.} bxc4 16. Na5 {[%emt 0:00:04][%cal Yb3a5,Ya5c6,Yc6e5,
Ye5d7,Yd7f8] [#]} Rc8 $146 {[%emt 0:14:49] Against Nc6} (16... Qxa5 $2 17. Bb6
Qb4 18. a3 Qxc3 19. bxc3 $18) ({Predecessor:} 16... Bxg5 17. Bxg5 Qxa5 18. Rxd6
Rab8 19. Nd5 c3 20. Bc1 Bxd5 21. Rxd5 Rxb2+ 22. Bxb2 Qb4 23. Kc1 Qxb2+ 24. Kd1
Qb1+ 25. Ke2 Nf4+ {0-1 (25) Pekacki,S (2079)-Olejarczyk, B (2223) Warsaw 2007})
17. Nd5 $1 Bxd5 18. Rxd5 Bxg5 (18... f6 $11) 19. Bxg5 $14 Qxg5 20. Rxd6 f5 {[%emt 0:00:00] [#]} 21. Nc6 $1 {
[%emt 0:22:17] Hoping for Rg1.} (21. Rxa6 $2 fxe4 22. Rc6 Rxc6 23. Nxc6 exf3
$19) 21... Rce8 {[%emt 0:07:53] White must now prevent ... fxe4.} 22. Qc5 {
[%emt 0:05:58][%csl Yc4,Ye5] White is more active.} Kh8 {[%emt 0:14:32] This
costs Black the game.} (22... Qf4 $16 {was called for.}) 23. Nxe5 $18 (23. Qxc4 Qg2 24. Re1 Qxf3 $14) 23... Qf4 24. Nd7 ({Resist} 24. Nxc4 $6 Qxf3 25. Re1 Nf6 $16) 24... Qxf3 $2 (24... Rg8 {keeps fighting.} 25. Rhd1 (25. exf5 c3 $16) (25.
Rxa6 Qxf3 26. Rc1 Qxe4 $16) 25... fxe4) 25. Rc1 {[%emt 0:00:00] White is
clearly winning.} Nf6 (25... Rg8 $142 26. Ne5 (26. Qxf5 Qxf5
27. exf5 Re2 $16) (26. Qxc4 Qxe4 27. Qxa6 f4 $14) (26. exf5 c3 $16) (26. Rxa6
fxe4 27. Ra5 Nf4 $16) 26... Rxe5 27. Qxe5 fxe4 28. Rxa6 Nf6) 26. Nxf8 Nxe4 {[%emt 0:00:13] [#]} 27. Re6 $1 Rb8 {
[%emt 0:08:38] [#]} (27... Nxc5 28. Rxe8) 28. Qe5 $1 {[%emt 0:03:31] Weighted
Error Value: White=0.01 (flawless) /Black=0.44} 1-0

[Event "44th Chess Olympiad Open 2022"]
[Site "Chennai"]
[Date "2022.08.08"]
[Round "10.3"]
[White "Dominguez Perez, Leinier"]
[Black "Sanal, Vahap"]
[Result "1-0"]
[WhiteElo "2754"]
[BlackElo "2574"]
[Annotator "TA"]
[PlyCount "81"]
[EventDate "2022.??.??"]
[TimeControl "60"]

1. e4 e5 2. Nf3 Nc6 3. Bb5 a6 4. Ba4 Nf6 5. O-O Be7 6. Re1 b5 7. Bb3 O-O 8. c3 d5 9. exd5 Nxd5 10. Nxe5 Nxe5 11. Rxe5 c6 12. d3 Bd6 13. Re1 Bf5 14. Qf3 Bg6 {[%emt 0:00:
00] C89: Closed Ruy Lopez: Marshall Attack.} 15. g3 $5 {[%emt 0:01:24] [#] An
interesting side line.} (15. Na3 {is more complex.} Bxa3 16. bxa3 Nxc3 17. Bd2)
15... Kh8 $146 ({Predecessor:} 15... Re8 16. Rxe8+ Qxe8 17.
Nd2 Qe1+ 18. Nf1 Re8 19. Bd1 a5 20. Bd2 Qe5 21. a4 b4 22. Bb3 {1-0 (38) Saric,
I (2646)-Adams,M (2701) Chess.com INT 2020}) 16. Bxd5 cxd5 {
[%emt 0:00:26] White is better.} 17. Qxd5 f5 18. Nd2 Qc7 19. Nf3 f4 20. Nh4 $1 Bf7 {[%emt 0:19:33]
Prevents Re6.} 21. Qg5 h6 (21...
Bg8 $16 {was worth a try.} 22. Re4 fxg3 23. hxg3 Rae8) 22. Ng6+ ({White should play} 22. Qg4 $1 $18) 22... Kh7 (22... Bxg6
$16 23. Qxg6 Rf6) 23. Nxf8+ $18 Rxf8 24. Qg4 Bd5 25. Bd2 Rf6 26. Re4 $2 Bxe4 $11 27. dxe4 Qc4 (27... Qa7 $11 {remains equal.} 28. e5 (
28. gxf4 $2 Rg6 $19) (28. Bxf4 Bxf4 29. Qe2 Bc7 $15) 28... Bxe5) 28. Re1 $16 ({But not} 28. gxf4 $2 Rg6 29. Qxg6+ Kxg6 $19) ({Stronger than
} 28. Bxf4 Bxf4 29. Re1 (29. gxf4 $2 Rg6 $19) 29... Bd6 $17) 28... f3 {[%emt 0:
00:01] Inhibits Qe2.} (28... Be5 $16 {was necessary.}) 29. Be3 $18 Be5 30. a3 Qd3 31. Qh5 Qd6 32. Qh3 Qd3 33. Qf1 Qc2 {[%emt 0:00:00] [#]} (33... Qd8 {was called
for.} 34. Qh3 Qd6) 34. Bd4 $1 Re6 {[%emt 0:01:06] [#]} 35. Qh3
$1 (35. Bxe5 Rxe5 36. b4 Rxe4 $14) 35... Bxd4 36. cxd4 {[%emt 0:01:01] KQR-KQR} Rf6 (36... Qd2 37. Rf1 Rg6)
37. e5 Rf8 (37... Qd2 $142
38. Rf1 (38. exf6 Qxe1+ 39. Qf1 Qe4 $18) 38... Rg6) 38. Qf1 Qd2 39. Rd1 Qxb2 40. Qd3+ Kh8 $2 (40... Kg8 41. Kf1 Rd8 42. Qxf3 Rxd4)
41. e6 {[%emt 0:30:40] Weighted Error Value: White=0.28 (precise) /Black=0.59}
1-0

[Event "44th Chess Olympiad Open 2022"]
[Site "Chennai"]
[Date "2022.08.08"]
[Round "10.3"]
[White "Can, Emre"]
[Black "So, Wesley"]
[Result "1/2-1/2"]
[WhiteElo "2606"]
[BlackElo "2773"]
[Annotator "TA"]
[PlyCount "63"]
[EventDate "2022.??.??"]
[TimeControl "60"]

1. d4 Nf6 2. c4 e6 3. g3 d5 4. Bg2 Be7 5. Nf3 O-O 6. O-O dxc4 7.
Qc2 a6 8. a4 Bd7 9. Rd1 {[%emt 0:00:57] E05: Open Catalan: 5 Nf3 Be7.} Bc6 10. Bg5 $1 {[%emt 0:00:18] now scores much better than the old 10. Nc3.}
b5 11. Bxf6 Bxf6 ({Don't
play} 11... gxf6 12. d5 exd5 13. Nc3 $16) 12. Nc3 Qe8 13. d5 exd5 14. Nd4 $1 Qe5 15. e4 dxe4 16. Nxe4 {[%emt 0:00:50] Pair of Knights!} Ra7 {[%emt 0:07:57] ...Bxe4 is
the strong threat.} (16... bxa4 $2 17. Nxc6 Nxc6 18. Qxc4 $18 (18. Qxa4 Nd4 $16
)) 17. Nxf6+ (17. axb5 {keeps more tension.} Bxe4 18. Qxe4
Qxe4 19. Bxe4 Rd8 20. Nc6) 17... Qxf6 18. axb5 Bxg2 19. Kxg2 Rb7 20. bxa6 Nxa6 {[%emt 0:00:24] [#]} 21. Ra3 $146 ({
Predecessor:} 21. Ra4 c5 22. Qxc4 Rxb2 23. Nf3 Nc7 24. Qxc5 Ne6 25. Qe5 Qxe5
26. Nxe5 Re2 27. Nf3 {½-½ (40) Kukhmazov,A (2490)-Lintchevski,D (2556)
Moscow 2022}) 21... g6 22. Rf3 Qb6 23. Qxc4 {[%emt 0:05:03] [#] Threatens to win with Nc6.} c5 24. Ne2 {[%emt 0:04:44] And now Nc3 would win.} (24. Rb3 $5 Nb4 25. Nf3 $11) 24... Qb5 {[%emt 0:02:25] The position is equal.} (
24... Qc6 {feels hotter.} 25. Nf4 Nc7 26. h4 Rxb2 27. Nd3 Rbb8) 25. Qxb5 Rxb5 26. Rd2 Nc7 27. Nf4 Ne6 28. Nxe6 fxe6 29. Ra3 Rf7 30. h4 Rfb7 31. Ra8+ Kg7 32. Rc8 {[%emt 0:01:33] An interesting draw. Weighted Error Value:
White=0.03 (flawless) /Black=0.02 (flawless)} 1/2-1/2

[Event "44th Chess Olympiad Open 2022"]
[Site "Chennai"]
[Date "2022.08.08"]
[Round "10.3"]
[White "Solak, Dragan"]
[Black "Shankland, Sam"]
[Result "1/2-1/2"]
[WhiteElo "2594"]
[BlackElo "2720"]
[Annotator "TA"]
[PlyCount "67"]
[EventDate "2022.??.??"]
[TimeControl "60"]

1. e4 e5 2. Nf3 Nc6 3. Bb5 a6 4. Bxc6 dxc6 5. O-O f6 6. d4 exd4 {[%emt 0:00:06] 6...exd4 scores
better than 6...Bg4.} 7. Nxd4 Qd6 {[%emt 0:00:05] C69: Ruy
Lopez: Exchange Variation with 5 0-0 f6.} 8. Be3 Bd7 9. Qe2 {[%emt 0:11:23] [#]} Nh6 $146 ({Predecessor:} 
9... O-O-O 10. Nc3 Nh6 11. f3 f5 12. Rad1 Qg6 13. e5 Nf7 14. f4 Be7 {1-0 (24)
Groetz,H (2257)-Zojer,S (2074) Austria 2011}) 10. h3 {[%emt 0:07:08] Prevents
Ng4.} O-O-O 11. Nc3 Nf7 12.
Nb3 Qe5 {[%emt 0:10:28] Prevents Nc5.} 13. f4 Qe8 14. Nc5 Bxc5 15. Bxc5 Rg8 16. Rae1 Kb8 17. a4 g5 18. e5 {[%emt 0:00:36] [#]
Strongly threatening e6.} gxf4 (18... Bxh3 $14 19. exf6 (19.
gxh3 gxf4+ 20. Kh1 fxe5 $11) 19... Qxe2 20. Rxe2 gxf4) 19. exf6 Qxe2 20. Rxe2 (20. Nxe2 $16 Rg5 21. b4 (21.
Be7 f3 $16)) 20... Bxh3 $1 $14 {[%emt 0:02:47][%cal Yf4f3] Threatens to win
with ...f3!} 21. Rxf4 Bg4 22. Re7 {[%emt 0:
00:00] White is more active.} Bh5 23. Rd4 (
23. Ne2 $16) 23... b6 $11 24. Rxd8+ Rxd8 25. Be3 Kc8 $1 26. a5 bxa5 27. Ne4 {[%emt 0:01:02] [#] aiming for
Nc5.} Rd7 28. Nc5 Rxe7 29.
fxe7 {[%emt 0:00:04] KBN-KBN} Nd6 30. Kf2 a4 31. Nxa4 Kd7 {[%emt 0:03:24] The position is
equal.} 32. Nc5+ Kxe7 33. Nxa6 Bg6 34. Nxc7 {[%emt 0:00:31] Weighted Error Value:
White=0.12 (very precise) /Black=0.08 (flawless)} 1/2-1/2

[Event "44th Chess Olympiad Open 2022"]
[Site "Chennai"]
[Date "2022.08.08"]
[Round "10.4"]
[White "Vidit, Santosh Gujrathi"]
[Black "Tabatabaei, M. Amin"]
[Result "1-0"]
[WhiteElo "2714"]
[BlackElo "2664"]
[Annotator "TA"]
[PlyCount "103"]
[EventDate "2022.??.??"]
[TimeControl "60"]

1. d4 Nf6 2. c4 e6 3. Nf3 d5 4. g3 dxc4 5. Bg2 Nc6 6. O-O Rb8 7. Nc3 b5 8. Ne5 Nxe5 {[%emt 0:00:00] E04: Open Catalan: 5 Nf3.} (
8... Nxd4 $2 9. e3 $18) 9. dxe5 Nd7 10. Qc2 Bb7 {[%emt 0:01:36] Against Bc6. The position is equal.} 11.
Bxb7 Rxb7 12. Rd1 c6 13. Ne4 {[%emt 0:19:03] [#]} Qc7 $146 ({
Predecessor:} 13... Be7 14. b3 O-O 15. bxc4 Qa5 16. Nd6 Bxd6 17. exd6 b4 18.
Bb2 Qc5 19. Bd4 Qf5 {0-1 (32) Jordan,J (2182)-Langeveld,M (2155) LSS email 2019
}) 14. b3 Nxe5 (14... Qxe5 15. Bf4 Qf5 16.
bxc4 $16) 15. Bf4 Be7 $1 16. bxc4 bxc4 17. Qc3 f6 {[%emt 0:00:16] [#]} 18. Ng5 $1 Bb4 (18... fxg5 19. Bxe5 Qb6 20. Bxg7 $16) 19. Qd4 {[%emt 0:00:00]
Hoping for Bxe5.} (19. Qe3 $5 ) 19... Qb6 {[%emt 0:21:28] White
must now prevent ...Qxd4.} (19... c5 $2 20. Qe4 fxg5 21. Bxe5 $18) (19... Ke7 {
keeps more tension.} 20. Rac1 h6 21. Bxe5 Qxe5 22. Qxe5 fxe5 23. Nf3 Bd6) 20.
Bxe5 Qxd4 (20... fxe5 $2 21. Qe4
g6 22. Nxe6 $18) 21. Bxd4 (21. Rxd4 Bc3 22. Ne4 Bxa1 $17)
21... fxg5 22. Rac1 Kf7 {[%emt 0:00:00]
aiming for ...Rd8.} 23. Rxc4 Be7 24. Rxc6 Rd8 {[%emt 0:00:00] ...e5 is the strong threat.} 25.
Rd3 $1 Bf6 26. Be3 Rxd3 27. exd3 $11 {[%emt 0:00:01] Endgame KRB-KRB} Rd7 (27... Bd8 $1 $11) 28. Ra6 $1 $14 Rxd3 29. Rxa7+ Kg6 30. Ra4 h5 31. h3 h4 32. g4 (32. Ra6 hxg3 33. Rxe6 gxf2+ 34. Kxf2 Ra3 $15) 32... Be5 33. Re4 Bf4 ({Black should try
} 33... Kf6 $14) 34. Rxe6+ $16 (34. Bxf4 $6 gxf4 35. Kh2 (35.
Rxe6+ Kf7 $11) 35... Ra3 $14) 34... Kf7 35. Re4 Ra3 36. Bxf4 gxf4 37.
Rxf4+ {[%emt 0:00:05] KR-KR} Kg8 38. g5 (38.
Rf5 $1 $16) 38... Rxh3 (38... Kh7 $1 $11 {keeps the balance.})
39. a4 Kh7 40. f3 Rg3+ (40... Kg6 $2 41. a5 $18) 41. Kf2 Rh3 (41... Rxg5 $142 42. Rxh4+ Kg8) 42. g6+ $1 ({
Much weaker is} 42. a5 $6 Rh2+ 43. Kf1 Ra2 $11) 42... Kh6 43.
Kg2 Rg3+ 44. Kh2 Kh5 (44... Kxg6 45. Rg4+ Kf7 46. Rxg3 hxg3+ 47. Kxg3 Ke6 48. Kg4
Kd5 49. Kf5) 45. a5 {[%emt 0:00:55][%cal Ya4a5,Ya5a6,Ya6a7] White wants to
mate with a6.} Rxg6 46. Rf5+ Kh6 {[%emt 0:00:
02] [#]} (46... Rg5 {is a self mate.} 47. Rxg5+ Kxg5 48. a6 Kf4 49. a7 Kxf3 50.
a8=Q+ Kf4 51. Qd5) 47. Rb5 $1 {[%emt 0:01:46] White threatens Rb6 and mate.}
Rg3 $2 {[%emt 0:01:08] [#] This costs Black the game.} (47... Kh7 $16) 48. Rb3
$1 ({And not} 48. a6 Rxf3 49. Ra5 Rf8 $11) 48... Rg5 49. Ra3 Rc5 50. a6 Rc8 51. a7 Ra8 52. f4 {
[%emt 0:02:37] Weighted Error Value: White=0.08 (flawless) /Black=0.19 (very
precise)} 1-0

[Event "44th Chess Olympiad Open 2022"]
[Site "Chennai"]
[Date "2022.08.08"]
[Round "10.4"]
[White "Maghsoodloo, Parham"]
[Black "Harikrishna, Pentala"]
[Result "1-0"]
[WhiteElo "2701"]
[BlackElo "2720"]
[Annotator "TA"]
[PlyCount "119"]
[EventDate "2022.??.??"]
[TimeControl "60"]

1. d4 {[%emt 0:00:04] ChessBase II} d5 2. c4 c6 3. e3 (3. Nf3 Nf6 4. e3
Bf5 5. Nc3 e6 6. Nh4 Be4 7. f3 Bg6 8. Qb3 Qb6 9. Nxg6 hxg6 10. Bd2 Nbd7 11.
O-O-O Qxb3 12. axb3 Bb4 13. Kc2 O-O-O 14. Bd3 a6 15. Be1 Bd6 16. h4 Ne8 17. e4
Nc7 {0-1 (74) Maghsoodloo,P (2716)-Harikrishna,P (2701) Prague 2022}) 3... Nf6 4. Nc3 Bf5 5. f3 {[%emt 0:
00:00] [#]} h5 $146 ({Predecessor:} 5... e6 6. g4 Bg6 7. h4 h6
8. h5 Bh7 9. Bd3 Bxd3 10. Qxd3 Nbd7 11. Nge2 a6 12. Bd2 dxc4 13. Qxc4 {1-0 (33)
Kozul,Z (2568)-Benitah,Y (2401) Aix les Bains 2011 CBM 142 Extra [ChessBase II]
}) 6. Bd3 {[%emt 0:06:16] D10: Slav Defence: 3 cxd5 (without early Nf3) and 3
Nc3.} Bxd3 7. Qxd3 e6 8.
Nge2 {[%emt 0:03:22] The position is equal.} dxc4 9. Qxc4 Nbd7 (9... c5 {is interesting.} 10. O-O cxd4
11. Nxd4 a6) 10. e4 Rc8 11. a4 Qa5 12. Bd2 Be7 13. O-O O-O 14. Rab1 (
14. Nf4 $14) 14... e5 15. b4 Qc7 16. Be3 Rfd8 17. Rfd1 exd4 18. Nxd4 (18. Qxd4 c5 19. bxc5 Bxc5 $17) 18... Ne5 19. Qe2 Ng6 (19... a6 {
is more complex.} 20. Nf5 Bf8 21. Bf4 g6) 20. Nf5 (20. a5 {
with more complications.} c5 21. Ncb5 Qe5 22. Nxa7 Ra8 23. Nac6) 20... Rxd1+ 21. Qxd1 Bf8 22. a5 (22. Bxa7 $2 b6 23. Bxb6 (23. e5 $2 Qxe5 24. a5 bxa5 $19) 23... Qxb6+
24. Qd4 Qxd4+ 25. Nxd4 c5 $19) 22... b6 23. axb6 axb6 24. b5 Ne7 25. Nd4 (25. Nd6 Rd8 26. e5 Ng6 $1 27. bxc6 (27. exf6 Bxd6 28. Kf1
Bxh2 $17) 27... Bxd6 28. exd6 Rxd6 $15) 25... c5 26. Nde2 Ng6 27. h3 c4 (27... Rd8 $11 {keeps the balance.} 28. Qc2 Qc8) 28. Na4 $16 Nd7 29. Nec3 Bc5 (29... Ra8 $16 30. Qd5 (30. Nd5 Qg3 $14) 30... Ra7) 30. Bxc5 $1
$18 Nxc5 31. Nd5 Qg3 32. Naxb6 Rb8 33. Nxc4 Nh4 (33... Ne6 {keeps
fighting.} 34. Kh1 Nef4 35. Nxf4 Nxf4) 34. Nce3 Ne6 35. Ne7+ Kh7 {[%emt 0:00:00] [#] White must now
prevent ...Nf4.} 36. N7f5 $1 Qg5 37. Nxh4 (37. Kh1 $18 {is the precise move to win.}) 37... Qxe3+ $16 38. Kh1 {[%emt 0:00:35] Threatens to win with Qd7.} g6 39. Qd6 Rb6 40. Qe5 Qd3 41. Qa1 Rxb5 42.
Rxb5 Qxb5 $11 {[%emt 0:00:12] Endgame KQN-KQN} 43. Qf6 Qd7 44. Kh2 Kg8 45. f4 Nd4 {[%emt 0:07:03] [#]} (45... Qc6 $142) 46. Nxg6
$1 $16 fxg6 47. Qxg6+ Kf8 48. Qxh5 {[%emt 0:00:15] Qh8+ is the strong threat.} Qd6 {
[%emt 0:00:00] [#]} 49. e5 (49. Kg3 $142 $1) 49... Qd5 (49... Qe6 $16 50. Qh8+ Ke7 51. Qh7+ Kf8) 50. Qg6 (50. Qh6+ $18 Ke7 51. Qh7+ Ke8 52. Qd3) 50... Ne6 $1 $14 51. h4 ({White should play} 51. Qf5+ $16 Kg8 52. Qg6+ Kf8 53.
Qh6+ (53. h4 Qc4 $16) 53... Kg8 54. Qg6+ Kf8) 51... Qc4 $1 $11 52. Qh6+ Ng7 (52... Kg8 $11) 53. h5 {[%emt 0:
00:40] And now Qf6+ would win.} ({Much weaker is} 53. f5 Qd4 $11) 53... Qe2 $1 54. Kh3 {[%emt 0:01:14] aiming for Qf6+.} Qd3+ $2 {[%emt 0:01:
09] This move loses the game for Black.} (54... Qf1 $14 55. Qf6+ Kg8) 55. Kh4
$18 {[%emt 0:00:42] White threatens Qf6+ and mate.} Qe4 56. g4
{[%emt 0:00:42] White mates.} Kg8 57. Qf6 Qh1+ 58. Kg5 Qd5 59. Qg6 Kf8 60. Qd6+ {[%emt 0:00:07] Weighted Error
Value: White=0.22 (precise) / Black=0.25 (precise)} 1-0